Knights vs Saguenéens

Created - 28 octobre 2015 at 23:01

Goals
1 2 3 T
Knights 2 1 3 6
Saguenéens 3 2 0 5
Shots
1 2 3 T
Knights 12 9 8 29
Saguenéens 17 10 6 33

1st period

1. Saguenéens , Tyler Pitlick 2 (Kyle Brodziak, Steve Begin) at 9:26
2. Knights , Magnus Paajarvi-Svensson 1 (Chris Thorburn, Niklas Hjalmarsson) at 11:49
3. Saguenéens , David Laliberté 5 (Brandon Burlon, Brett Lebda) at 13:39
4. Knights , Garnet Exelby 2 (Michael Raffl, Joe Colborne) at 14:55
5. Saguenéens , David Laliberté 6 (Steve Begin, Tyler Pitlick) at 18:53

Penalties :
James Wright (Lon) for Charging (Minor) at 1:54, Mathieu Perreault (Chi) for Tripping (Minor) at 15:12

2nd period

6. Saguenéens , Tyler Pitlick 3 (Kyle Brodziak, Steve Begin) at 1:40
7. Knights , Tomas Kundratek 1 (Michael Raffl, Joe Colborne) at 4:45
8. Saguenéens , Kyle Brodziak 5 (Brett Lebda, Steve Begin) at 19:16

Penalties :
Tyler Pitlick (Chi) for Tripping (Minor) at 2:21, Rhett Rakhshani (Chi) for High sticking (Minor) at 5:17

3rd period

9. Knights , Jimmy Hayes 1 (Alex Chiasson, Zack Hamill) at 6:42 (PP)
10. Knights , Chris Thorburn 11 (Magnus Paajarvi-Svensson, Jason Zucker) at 17:36
11. Knights , Jason Chimera 1 (Nikita Nikitin, James Wright) at 18:12

Penalties :
Steve Begin (Chi) for Hooking (Minor) at 6:25, Jimmy Hayes (Lon) for High sticking (Double Minor) at 7:24, David Laliberté (Chi) for Holding (Minor) at 13:05

Goalie Stats

Jacob Markstrom (Lon), 28 saves from 33 shots - (0,848), W, 6-5-0, 60:00 minutes
Al Montoya (Chi), 23 saves from 29 shots - (0,793), L, 4-3-0, 59:09 minutes

Players Stats for Knights

Player Name              G  A  P  +/- PIM S  H  SB GA TA FO     MP     PP MP  PK MP  
------------------------------------------------------------------------------------
Alex Chiasson            0  1  1  -1  0   3  1  0  0  0  0/2    19:30   4:40   0:00 
Chris Thorburn           1  1  2   1  0   5  0  0  0  0  1/1    18:32   3:33   2:40 
Eric Gelinas             0  0  0   0  0   0  0  0  0  0  0/0     2:36   0:00   1:04 
Garnet Exelby            1  0  1  -2  0   2  5  2  0  0  0/0    29:02   5:35   2:35 
James Wright             0  1  1   0  2   0  2  3  0  0  4/7    13:54   0:00   1:32 
Jason Chimera            1  0  1   0  0   2  2  0  0  0  0/0    14:23   3:33   0:00 
Jason Zucker             0  1  1  -1  0   0  1  0  0  0  0/2    14:34   0:00   0:00 
Jimmy Hayes              1  0  1   0  4   2  3  0  0  0  0/0    15:10   4:34   0:00 
Joe Colborne             0  2  2   0  0   2  2  0  0  0  1/3    10:04   0:00   1:53 
Kevin Hayes              0  0  0   0  0   0  0  0  0  0  0/0     8:02   0:06   0:00 
Magnus Paajarvi-Svensson 1  1  2   1  0   1  2  0  0  0  0/2    12:49   0:00   1:37 
Michael Raffl            0  2  2   0  0   0  0  1  1  0  0/0    11:16   0:00   2:05 
Nikita Nikitin           0  1  1  -1  0   0  0  0  0  0  0/0    19:01   2:29   1:04 
Niklas Hjalmarsson       0  1  1   2  0   2  4  1  0  0  0/0    25:28   5:35   2:50 
Tomas Kundratek          1  0  1   0  0   4  1  0  0  1  0/0    25:14   2:29   2:39 
Tyler Seguin             0  0  0   1  0   1  0  0  0  0  5/14   17:17   3:33   2:16 
Zack Hamill              0  1  1  -1  0   4  2  0  1  2  13/28  19:47   4:40   0:17 
Zbynek Michalek          0  0  0   1  0   1  1  0  1  1  0/0    17:21   0:18   1:20 

Players Stats for Saguenéens

Player Name              G  A  P  +/- PIM S  H  SB GA TA FO     MP     PP MP  PK MP  
------------------------------------------------------------------------------------
Brandon Burlon           0  1  1  -1  0   1  1  0  0  0  0/0    14:21   0:20   0:00 
Brett Lebda              0  2  2   1  0   7  1  0  1  0  0/0    27:00   2:43   5:27 
Brian Flynn              0  0  0  -3  0   3  1  0  0  0  2/3    12:33   2:23   0:24 
David Laliberté          2  0  2   0  2   2  3  0  0  0  1/1    13:24   0:59   0:00 
David Rundblad           0  0  0   0  0   0  0  1  0  1  0/0    11:11   0:20   0:00 
Eric Tangradi            0  0  0   1  0   2  2  3  0  0  0/2    17:50   2:23   4:51 
Jerry D'Amigo            0  0  0   0  0   0  1  0  0  0  0/0     9:26   0:35   0:00 
Jim O'Brien              0  0  0   0  0   0  1  0  0  1  2/3    12:24   0:29   3:02 
Kevin Marshall           0  0  0   1  0   2  0  0  0  0  0/0    24:43   2:55   2:46 
Kris Russell             0  0  0   0  0   0  1  1  0  1  0/0    20:48   2:43   5:27 
Kyle Brodziak            1  2  3   3  0   4  1  1  1  0  24/40  23:19   2:34   4:47 
Mathieu Perreault        0  0  0   0  2   0  3  0  0  0  4/7    13:47   2:36   0:00 
Rhett Rakhshani          0  0  0  -3  2   0  1  1  0  0  1/1     9:59   0:00   0:00 
Steve Begin              0  4  4   3  2   4  3  0  1  0  0/0    21:27   2:36   3:04 
T.J. Fast                0  0  0  -1  0   1  1  2  0  0  0/0    21:57   2:55   2:46 
Tim Kennedy              0  0  0  -4  0   2  0  0  0  0  0/0    11:42   0:56   0:18 
Tyler McNeely            0  0  0   0  0   3  0  0  1  0  0/0     8:42   0:00   0:00 
Tyler Pitlick            2  1  3   3  2   2  1  0  0  0  1/2    17:09   2:23   0:00 

3 Stars

1 - Tyler Pitlick (Chi)
2 - Kyle Brodziak (Chi)
3 - Steve Begin (Chi)

Power Play

Knights - 1 on 5 Attempt(s) - 20,00%
Saguenéens - 0 on 3 Attempt(s) - 0,00%

Penalty Kill

Knights - 3 on 3 Attempt(s) - 100,00% - Score 0 goal in Penalty Kill
Saguenéens - 4 on 5 Attempt(s) - 80,00% - Score 0 goal in Penalty Kill

Team Stat

Knights - Hits : 26 - Faceoff Wins : 24 - Blocked Shots : 7 - Penalty Minutes : 6
Saguenéens - Hits : 21 - Faceoff Wins : 35 - Blocked Shots : 9 - Penalty Minutes : 10

Official

Referees : Hebert Ghislain and Walkom Stephen
Linesman : Steve Barton and Brian Murphy

Game Notes

Eric Gelinas is injured at 7:09 of 1st period (Sprained Right Finger)

Finance

Level 1 -- Attendance: 1411 (70,55%) -- Ticket Income 56 440 $
Level 2 -- Attendance: 731 (73,10%) -- Ticket Income 14 620 $
Total Attendance: 2142 (71,40%)
Total Ticket Income: 71 060 $
Other Income: 3 553 $
Total Income: 74 613 $

Knights

5 vs 5 Forward 
   Center                   Left Wing                Right Wing               Time % Phy DF OF 
 1 Zack Hamill              Jason Zucker             Alex Chiasson            34     0   1  4  
 2 James Wright             Jason Chimera            Jimmy Hayes              27     1   2  2  
 3 Tyler Seguin             Magnus Paajarvi-Svensson Chris Thorburn           27     0   1  4  
 4 Joe Colborne             Michael Raffl            Kevin Hayes              12     1   2  2  

5 vs 5 Defense 
   Defense                  Defense                                           Time % Phy DF OF 
 1 Niklas Hjalmarsson       Eric Gelinas                                      32     1   2  2  
 2 Garnet Exelby            Tomas Kundratek                                   30     1   2  2  
 3 Nikita Nikitin           Zbynek Michalek                                   23     1   2  2  
 4 Eric Gelinas             Niklas Hjalmarsson                                15     1   2  2  

PowerPlay Forward 
   Center                   Left Wing                Right Wing               Time % Phy DF OF 
 1 Zack Hamill              Alex Chiasson            Jimmy Hayes              60     0   1  4  
 2 Tyler Seguin             Jason Chimera            Chris Thorburn           40     0   1  4  

PowerPlay Defense
   Defense                  Defense                                           Time % Phy DF OF 
 1 Eric Gelinas             Niklas Hjalmarsson                                60     1   1  3  
 2 Nikita Nikitin           Tomas Kundratek                                   40     1   1  3  

Penalty Kill 4 Players Forward 
   Center                   Wing                     Time % Phy DF OF 
 1 James Wright             Chris Thorburn           60     1   3  1  
 2 Joe Colborne             Michael Raffl            40     1   3  1  

Penalty Kill 4 Players Defense
   Defense                  Defense                  Time % Phy DF OF 
 1 Eric Gelinas             Niklas Hjalmarsson       60     1   3  1  
 2 Tomas Kundratek          Garnet Exelby            40     1   3  1  

Penalty Kill - 3 Players Forward 
   Forward                                           Time % Phy DF OF 
 1 James Wright                                      60     0   4  1  
 2 Chris Thorburn                                    40     0   4  1  

Penalty Kill - 3 Players Defense
   Defense                  Defense                  Time % Phy DF OF 
 1 Niklas Hjalmarsson       Tomas Kundratek          60     1   4  0  
 2 Garnet Exelby            Tomas Kundratek          40     1   4  0  

4 vs 4 Forward 
   Center                   Wing                     Time % Phy DF OF 
 1 Tyler Seguin             Chris Thorburn           60     1   1  3  
 2 Zack Hamill              Alex Chiasson            40     1   1  3  

4 vs 4 Defense
   Defense                  Defense                  Time % Phy DF OF 
 1 Eric Gelinas             Niklas Hjalmarsson       60     1   2  2  
 2 Tomas Kundratek          Garnet Exelby            40     1   2  2  

Last Minutes Offensive
   Center                   Left Wing                Right Wing               Defense                  Defense                  
   Zack Hamill              Jason Zucker             Chris Thorburn           Niklas Hjalmarsson       Eric Gelinas             

Last Minutes Defensive
   Center                   Left Wing                Right Wing               Defense                  Defense                  
   James Wright             Michael Raffl            Chris Thorburn           Niklas Hjalmarsson       Eric Gelinas             

Goaltenders
Starting : Jacob Markstrom          
Backup : Mark Dekanich            

Extra Forwards
Normal : Chris Thorburn, Zack Hamill, Jason Chimera - PP : Chris Thorburn, Zack Hamill - PK : Chris Thorburn
Extra Defensemen
Normal : Niklas Hjalmarsson, Tomas Kundratek, Eric Gelinas - PP : Niklas Hjalmarsson - PK : Tomas Kundratek, Niklas Hjalmarsson
Penalty Shots
Michael Raffl, Alex Chiasson, Jason Chimera, Tyler Seguin, Zack Hamill

Saguenéens

5 vs 5 Forward 
   Center                   Left Wing                Right Wing               Time % Phy DF OF 
 1 Kyle Brodziak            Steve Begin              Tyler Pitlick            40     1   2  2  
 2 Mathieu Perreault        Eric Tangradi            David Laliberté          30     1   2  2  
 3 Brian Flynn              Tim Kennedy              Rhett Rakhshani          20     1   2  2  
 4 Jim O'Brien              Tyler McNeely            Jerry D'Amigo            10     1   2  2  

5 vs 5 Defense 
   Defense                  Defense                                           Time % Phy DF OF 
 1 Brett Lebda              Kevin Marshall                                    40     1   2  2  
 2 T.J. Fast                Brandon Burlon                                    31     1   2  2  
 3 David Rundblad           Kris Russell                                      23     1   2  2  
 4 T.J. Fast                Kris Russell                                      6      1   2  2  

PowerPlay Forward 
   Center                   Left Wing                Right Wing               Time % Phy DF OF 
 1 Kyle Brodziak            Steve Begin              Mathieu Perreault        60     1   2  2  
 2 Brian Flynn              Eric Tangradi            Tyler Pitlick            40     1   2  2  

PowerPlay Defense
   Defense                  Defense                                           Time % Phy DF OF 
 1 T.J. Fast                Kevin Marshall                                    60     1   2  2  
 2 Brett Lebda              Kris Russell                                      40     1   2  2  

Penalty Kill 4 Players Forward 
   Center                   Wing                     Time % Phy DF OF 
 1 Kyle Brodziak            Eric Tangradi            60     1   2  2  
 2 Jim O'Brien              Steve Begin              40     1   2  2  

Penalty Kill 4 Players Defense
   Defense                  Defense                  Time % Phy DF OF 
 1 Brett Lebda              Kris Russell             60     1   2  2  
 2 T.J. Fast                Kevin Marshall           40     1   2  2  

Penalty Kill - 3 Players Forward 
   Forward                                           Time % Phy DF OF 
 1 Kyle Brodziak                                     60     1   2  2  
 2 Steve Begin                                       40     1   2  2  

Penalty Kill - 3 Players Defense
   Defense                  Defense                  Time % Phy DF OF 
 1 Brett Lebda              Kris Russell             60     1   2  2  
 2 T.J. Fast                Kevin Marshall           40     1   2  2  

4 vs 4 Forward 
   Center                   Wing                     Time % Phy DF OF 
 1 Kyle Brodziak            Mathieu Perreault        60     1   2  2  
 2 Brian Flynn              Steve Begin              40     1   2  2  

4 vs 4 Defense
   Defense                  Defense                  Time % Phy DF OF 
 1 Brett Lebda              Kevin Marshall           60     1   2  2  
 2 T.J. Fast                Kris Russell             40     1   2  2  

Last Minutes Offensive
   Center                   Left Wing                Right Wing               Defense                  Defense                  
   Kyle Brodziak            Steve Begin              David Laliberté          Brett Lebda              T.J. Fast                

Last Minutes Defensive
   Center                   Left Wing                Right Wing               Defense                  Defense                  
   Mathieu Perreault        Steve Begin              David Laliberté          Brett Lebda              T.J. Fast                

Goaltenders
Starting : Al Montoya               
Backup : Harru Sateri             

Extra Forwards
Normal : Tim Kennedy, Tyler Pitlick, Jerry D'Amigo - PP : Eric Tangradi, David Laliberté - PK : Eric Tangradi
Extra Defensemen
Normal : T.J. Fast, Kris Russell, Brett Lebda - PP : Brandon Burlon - PK : Brandon Burlon, David Rundblad
Penalty Shots
Steve Begin, Kyle Brodziak, David Laliberté, Mathieu Perreault, Tim Kennedy

% Time on Ice - Knights

Lines # - Real PCT - Wanted PCT - Time Play
Normal Forward
1 - 33% - 34% - 14:58
2 - 24% - 27% - 10:53
3 - 25% - 27% - 11:04
4 - 17% - 12% - 7:48
Normal Defense
1 - 34% - 32% - 15:12
2 - 27% - 30% - 12:03
3 - 28% - 23% - 12:21
4 - 11% - 15% - 5:07
PP Forward
1 - 57% - 60% - 4:40
2 - 43% - 40% - 3:33
PP Defense
1 - 70% - 60% - 5:44
2 - 30% - 40% - 2:29
PK Forward
1 - 77% - 60% - 4:37
2 - 23% - 40% - 1:21
PK Defense
1 - 77% - 60% - 4:34
2 - 23% - 40% - 1:24
PK3 Forward
1 - 0% - 60%
2 - 0% - 40%
PK3 Defense
1 - 0% - 60%
2 - 0% - 40%
44 Forward
1 - 0% - 60%
2 - 0% - 40%
44 Defense
1 - 0% - 60%
2 - 0% - 40%
Last Minute Offensive  - 0:00
Last Minute Defensive  - 1:06
Total
Forward - 60:00
Defense - 60:00

% Time on Ice - Saguenéens

Lines # - Real PCT - Wanted PCT - Time Play
Normal Forward
1 - 34% - 40% - 15:14
2 - 25% - 30% - 11:13
3 - 21% - 20% - 9:31
4 - 19% - 10% - 8:42
Normal Defense
1 - 41% - 40% - 18:07
2 - 35% - 31% - 15:32
3 - 22% - 23% - 10:00
4 - 2% - 6% - 1:01
PP Forward
1 - 60% - 60% - 3:35
2 - 40% - 40% - 2:23
PP Defense
1 - 54% - 60% - 3:15
2 - 46% - 40% - 2:43
PK Forward
1 - 80% - 60% - 6:33
2 - 20% - 40% - 1:40
PK Defense
1 - 66% - 60% - 5:27
2 - 34% - 40% - 2:46
PK3 Forward
1 - 0% - 60%
2 - 0% - 40%
PK3 Defense
1 - 0% - 60%
2 - 0% - 40%
44 Forward
1 - 0% - 60%
2 - 0% - 40%
44 Defense
1 - 0% - 60%
2 - 0% - 40%
Last Minute Offensive  - 1:09
Last Minute Defensive  - 0:00
Total
Forward - 60:00
Defense - 60:00

Play by Play

1st period


0:01 of 1st period - Tyler Pitlick wins face-off versus Zack Hamill in neutral zone.
0:10 of 1st period - Snap shot by Kyle Brodziak.
0:10 of 1st period - Stopped by Jacob Markstrom without a rebound.
0:11 of 1st period - James Wright wins face-off versus Mathieu Perreault in Knights zone.
1:19 of 1st period - Snap shot by Kris Russell.
1:19 of 1st period - Shot Misses the Net.
1:54 of 1st period - Minor Penalty to James Wright for Charging.
1:55 of 1st period - Tyler Seguin wins face-off versus Kyle Brodziak in Knights zone.
2:06 of 1st period - Snap shot by Kyle Brodziak.
2:06 of 1st period - Shot Misses the Net.
2:08 of 1st period - Slapshot by T.J. Fast.
2:08 of 1st period - Shot Misses the Net.
3:54 of 1st period - Penalty to James Wright is over, James Wright is back on ice.
4:42 of 1st period - Jim O'Brien is hit by Jason Chimera and loses puck.
6:20 of 1st period - Steve Begin is hit by Jason Chimera and loses puck.
6:42 of 1st period - Slapshot by Brett Lebda.
6:42 of 1st period - Stopped by Jacob Markstrom without a rebound.
6:43 of 1st period - Jim O'Brien wins face-off versus Tyler Seguin in Knights zone.
6:44 of 1st period - Slapshot by Brett Lebda.
6:44 of 1st period - Stopped by Jacob Markstrom with a rebound.
7:08 of 1st period - Eric Gelinas is hit by Steve Begin and loses puck.
7:09 of 1st period - Eric Gelinas from Knights is injured at 7:09 of 1st period (Sprained Right Finger).
7:10 of 1st period - Kyle Brodziak wins face-off versus Zack Hamill in Knights zone.
7:23 of 1st period - Snap shot by Zack Hamill.
7:23 of 1st period - Shot Misses the Net.
7:58 of 1st period - Snap shot by Tyler McNeely.
7:58 of 1st period - Stopped by Jacob Markstrom without a rebound.
7:59 of 1st period - James Wright wins face-off versus Jim O'Brien in Knights zone.
8:22 of 1st period - Jason Chimera is hit by Kris Russell and loses puck.
8:51 of 1st period - Snap shot by David Laliberté.
8:51 of 1st period - Shot Blocked by James Wright.
9:12 of 1st period - Icing by James Wright.
9:13 of 1st period - James Wright wins face-off versus Kyle Brodziak in Knights zone.
9:22 of 1st period - Wrist shot by Steve Begin.
9:22 of 1st period - Stopped by Jacob Markstrom with a rebound.
9:24 of 1st period - Slapshot by Kyle Brodziak.
9:24 of 1st period - Shot Blocked by James Wright.
9:26 of 1st period - Wrist shot by Tyler Pitlick.
9:26 of 1st period - Goal by Tyler Pitlick - Knights : 0 - Saguenéens : 1.
9:27 of 1st period - Zack Hamill wins face-off versus Kyle Brodziak in neutral zone.
9:40 of 1st period - Backhand shot by Steve Begin.
9:40 of 1st period - Shot Misses the Net.
9:42 of 1st period - Snap shot by Brett Lebda.
9:42 of 1st period - Stopped by Jacob Markstrom with a rebound.
9:52 of 1st period - Niklas Hjalmarsson is hit by Mathieu Perreault.
9:56 of 1st period - Slapshot by Mathieu Perreault.
9:56 of 1st period - Shot Misses the Net.
10:25 of 1st period - Snap shot by Brian Flynn.
10:25 of 1st period - Stopped by Jacob Markstrom with a rebound.
11:00 of 1st period - Wrist shot by Tyler McNeely.
11:00 of 1st period - Stopped by Jacob Markstrom without a rebound.
11:01 of 1st period - Zack Hamill wins face-off versus Mathieu Perreault in Knights zone.
11:10 of 1st period - Slapshot by Garnet Exelby.
11:10 of 1st period - Stopped by Al Montoya with a rebound.
11:12 of 1st period - Snap shot by Zbynek Michalek.
11:12 of 1st period - Deflect By Mathieu Perreault.
11:12 of 1st period - Stopped by Al Montoya without a rebound.
11:13 of 1st period - Kyle Brodziak wins face-off versus Zack Hamill in Saguenéens zone.
11:41 of 1st period - Snap shot by Tyler Seguin.
11:41 of 1st period - Shot Misses the Net.
11:43 of 1st period - Snap shot by Magnus Paajarvi-Svensson.
11:43 of 1st period - Shot Misses the Net.
11:49 of 1st period - Snap shot by Magnus Paajarvi-Svensson.
11:49 of 1st period - Goal by Magnus Paajarvi-Svensson - Knights : 1 - Saguenéens : 1.
11:50 of 1st period - Tyler Seguin wins face-off versus Kyle Brodziak in neutral zone.
12:02 of 1st period - Snap shot by Kyle Brodziak.
12:02 of 1st period - Stopped by Jacob Markstrom with a rebound.
12:04 of 1st period - Slapshot by Brandon Burlon.
12:04 of 1st period - Stopped by Jacob Markstrom with a rebound.
12:06 of 1st period - Slapshot by T.J. Fast.
12:06 of 1st period - Deflect By Kyle Brodziak.
12:06 of 1st period - Shot Blocked by Garnet Exelby.
12:06 of 1st period - Puck is out of play.
12:07 of 1st period - Zack Hamill wins face-off versus Mathieu Perreault in Knights zone.
12:07 of 1st period - Zack Hamill is hit by Mathieu Perreault.
12:22 of 1st period - Snap shot by Eric Tangradi.
12:22 of 1st period - Stopped by Jacob Markstrom with a rebound.
12:32 of 1st period - Slapshot by Kyle Brodziak.
12:32 of 1st period - Shot Hit the Post.
13:12 of 1st period - Jim O'Brien is hit by James Wright and loses puck.
13:21 of 1st period - Slapshot by Brett Lebda.
13:21 of 1st period - Stopped by Jacob Markstrom with a rebound.
13:33 of 1st period - Wrist shot by David Laliberté.
13:33 of 1st period - Shot Misses the Net.
13:35 of 1st period - Snap shot by Brett Lebda.
13:35 of 1st period - Stopped by Jacob Markstrom with a rebound.
13:37 of 1st period - Backhand shot by Brandon Burlon.
13:37 of 1st period - Shot Blocked by Garnet Exelby.
13:39 of 1st period - Snap shot by David Laliberté.
13:39 of 1st period - Deflect By Alex Chiasson.
13:39 of 1st period - Goal by David Laliberté - Knights : 1 - Saguenéens : 2.
13:40 of 1st period - Zack Hamill wins face-off versus Kyle Brodziak in neutral zone.
13:47 of 1st period - Snap shot by Zack Hamill.
13:47 of 1st period - Stopped by Al Montoya with a rebound.
13:49 of 1st period - Snap shot by Zack Hamill.
13:49 of 1st period - Stopped by Al Montoya without a rebound.
13:50 of 1st period - Kyle Brodziak wins face-off versus Zack Hamill in Saguenéens zone.
14:03 of 1st period - Tyler Pitlick is hit by Alex Chiasson.
14:20 of 1st period - Slapshot by Nikita Nikitin.
14:20 of 1st period - Deflect By Zack Hamill.
14:20 of 1st period - Stopped by Al Montoya without a rebound.
14:21 of 1st period - Mathieu Perreault wins face-off versus Magnus Paajarvi-Svensson in Saguenéens zone.
14:46 of 1st period - Brandon Burlon is hit by Joe Colborne and loses puck.
14:51 of 1st period - Wrist shot by Michael Raffl.
14:51 of 1st period - Shot Misses the Net.
14:53 of 1st period - Slapshot by Garnet Exelby.
14:53 of 1st period - Shot Misses the Net.
14:55 of 1st period - Slapshot by Garnet Exelby.
14:55 of 1st period - Goal by Garnet Exelby - Knights : 2 - Saguenéens : 2.
14:56 of 1st period - Chris Thorburn wins face-off versus Kyle Brodziak in neutral zone.
15:05 of 1st period - Snap shot by Chris Thorburn.
15:05 of 1st period - Stopped by Al Montoya with a rebound.
15:07 of 1st period - Slapshot by Tomas Kundratek.
15:07 of 1st period - Stopped by Al Montoya with a rebound.
15:09 of 1st period - Slapshot by Tomas Kundratek.
15:09 of 1st period - Deflect By Steve Begin.
15:09 of 1st period - Stopped by Al Montoya without a rebound.
15:10 of 1st period - Mathieu Perreault wins face-off versus Zack Hamill in Saguenéens zone.
15:12 of 1st period - Minor Penalty to Mathieu Perreault for Tripping.
15:13 of 1st period - Zack Hamill wins face-off versus Kyle Brodziak in Saguenéens zone.
15:15 of 1st period - Wrist shot by Zack Hamill.
15:15 of 1st period - Stopped by Al Montoya with a rebound.
15:17 of 1st period - Snap shot by Niklas Hjalmarsson.
15:17 of 1st period - Stopped by Al Montoya without a rebound.
15:18 of 1st period - Kyle Brodziak wins face-off versus Zack Hamill in Saguenéens zone.
15:31 of 1st period - Kyle Brodziak is hit by Garnet Exelby and loses puck.
17:12 of 1st period - Penalty to Mathieu Perreault is over, Mathieu Perreault is back on ice.
18:33 of 1st period - Tomas Kundratek is hit by Tyler Pitlick and loses puck.
18:40 of 1st period - Tyler Pitlick is hit by Zack Hamill and loses puck.
18:53 of 1st period - Wrist shot by David Laliberté.
18:53 of 1st period - Goal by David Laliberté - Knights : 2 - Saguenéens : 3.
18:54 of 1st period - Kyle Brodziak wins face-off versus Tyler Seguin in neutral zone.
18:57 of 1st period - Slapshot by Kevin Marshall.
18:57 of 1st period - Stopped by Jacob Markstrom without a rebound.
18:58 of 1st period - Tyler Seguin wins face-off versus Kyle Brodziak in Knights zone.
19:05 of 1st period - Brett Lebda is hit by Magnus Paajarvi-Svensson and loses puck.
Goals for this period are 2 for Knights vs 3 for Saguenéens.
Shots for this period are 12 for Knights vs 17 for Saguenéens.

2nd period


0:01 of 2nd period - Zack Hamill wins face-off versus Kyle Brodziak in neutral zone.
0:53 of 2nd period - James Wright is hit by Brandon Burlon and loses puck.
1:26 of 2nd period - Snap shot by T.J. Fast.
1:26 of 2nd period - Stopped by Jacob Markstrom without a rebound.
1:27 of 2nd period - Kyle Brodziak wins face-off versus Joe Colborne in Knights zone.
1:28 of 2nd period - Wrist shot by Steve Begin.
1:28 of 2nd period - Stopped by Jacob Markstrom with a rebound.
1:30 of 2nd period - Slapshot by Kevin Marshall.
1:30 of 2nd period - Stopped by Jacob Markstrom without a rebound.
1:31 of 2nd period - Kyle Brodziak wins face-off versus Joe Colborne in Knights zone.
1:34 of 2nd period - Snap shot by Steve Begin.
1:34 of 2nd period - Stopped by Jacob Markstrom with a rebound.
1:36 of 2nd period - Snap shot by Kyle Brodziak.
1:36 of 2nd period - Shot Misses the Net.
1:38 of 2nd period - Wrist shot by Kyle Brodziak.
1:38 of 2nd period - Shot Misses the Net.
1:40 of 2nd period - Backhand shot by Tyler Pitlick.
1:40 of 2nd period - Goal by Tyler Pitlick - Knights : 2 - Saguenéens : 4.
1:41 of 2nd period - Kyle Brodziak wins face-off versus Zack Hamill in neutral zone.
2:07 of 2nd period - Brett Lebda is hit by Garnet Exelby and loses puck.
2:21 of 2nd period - Minor Penalty to Tyler Pitlick for Tripping.
2:22 of 2nd period - Zack Hamill wins face-off versus Kyle Brodziak in Saguenéens zone.
2:24 of 2nd period - Snap shot by Jimmy Hayes.
2:24 of 2nd period - Deflect By Zack Hamill.
2:24 of 2nd period - Shot Misses the Net.
2:24 of 2nd period - Puck is out of play.
2:25 of 2nd period - Kyle Brodziak wins face-off versus Zack Hamill in Saguenéens zone.
2:25 of 2nd period - Kyle Brodziak is hit by Garnet Exelby.
4:02 of 2nd period - Eric Tangradi is hit by Garnet Exelby and loses puck.
4:21 of 2nd period - Penalty to Tyler Pitlick is over, Tyler Pitlick is back on ice.
4:41 of 2nd period - Snap shot by Joe Colborne.
4:41 of 2nd period - Stopped by Al Montoya with a rebound.
4:43 of 2nd period - Wrist shot by Michael Raffl.
4:43 of 2nd period - Shot Misses the Net.
4:45 of 2nd period - Slapshot by Tomas Kundratek.
4:45 of 2nd period - Goal by Tomas Kundratek - Knights : 3 - Saguenéens : 4.
4:46 of 2nd period - Joe Colborne wins face-off versus Kyle Brodziak in neutral zone.
5:17 of 2nd period - Minor Penalty to Rhett Rakhshani for High sticking.
5:18 of 2nd period - Zack Hamill wins face-off versus Eric Tangradi in Saguenéens zone.
5:18 of 2nd period - Snap shot by Jimmy Hayes.
5:18 of 2nd period - Deflect By Zack Hamill.
5:18 of 2nd period - Shot Blocked by Eric Tangradi.
5:18 of 2nd period - Puck is out of play.
5:19 of 2nd period - Kyle Brodziak wins face-off versus Zack Hamill in Saguenéens zone.
5:24 of 2nd period - Snap shot by Brett Lebda.
5:24 of 2nd period - Stopped by Jacob Markstrom with a rebound.
5:30 of 2nd period - Snap shot by Jimmy Hayes.
5:30 of 2nd period - Shot Misses the Net.
5:32 of 2nd period - Wrist shot by Zack Hamill.
5:32 of 2nd period - Shot Misses the Net.
5:34 of 2nd period - Wrist shot by Jimmy Hayes.
5:34 of 2nd period - Stopped by Al Montoya without a rebound.
5:35 of 2nd period - Kyle Brodziak wins face-off versus Zack Hamill in Saguenéens zone.
5:59 of 2nd period - Niklas Hjalmarsson is hit by Jim O'Brien and loses puck.
7:17 of 2nd period - Penalty to Rhett Rakhshani is over, Rhett Rakhshani is back on ice.
9:30 of 2nd period - Joe Colborne is hit by Brett Lebda and loses puck.
10:08 of 2nd period - Zack Hamill is hit by David Laliberté and loses puck.
10:19 of 2nd period - Alex Chiasson is hit by Brian Flynn and loses puck.
10:42 of 2nd period - Tyler Pitlick is hit by Jimmy Hayes and loses puck.
10:53 of 2nd period - Snap shot by Steve Begin.
10:53 of 2nd period - Shot Misses the Net.
11:45 of 2nd period - Kris Russell is hit by Joe Colborne and loses puck.
11:58 of 2nd period - Wrist shot by Alex Chiasson.
11:58 of 2nd period - Stopped by Al Montoya without a rebound.
11:59 of 2nd period - Mathieu Perreault wins face-off versus Alex Chiasson in Saguenéens zone.
12:20 of 2nd period - Zbynek Michalek is hit by Rhett Rakhshani.
12:42 of 2nd period - Magnus Paajarvi-Svensson is hit by Jerry D'Amigo and loses puck.
13:02 of 2nd period - Slapshot by Steve Begin.
13:02 of 2nd period - Shot Blocked by Michael Raffl.
13:22 of 2nd period - Zack Hamill is hit by David Laliberté and loses puck.
13:29 of 2nd period - Mathieu Perreault is hit by Niklas Hjalmarsson.
13:33 of 2nd period - Kris Russell is hit by Tomas Kundratek.
14:54 of 2nd period - Slapshot by Alex Chiasson.
14:54 of 2nd period - Stopped by Al Montoya without a rebound.
14:55 of 2nd period - Zack Hamill wins face-off versus Eric Tangradi in Saguenéens zone.
14:58 of 2nd period - Wrist shot by Zack Hamill.
14:58 of 2nd period - Shot Misses the Net.
15:34 of 2nd period - Mathieu Perreault is hit by Jimmy Hayes and loses puck.
15:41 of 2nd period - Snap shot by Kris Russell.
15:41 of 2nd period - Shot Hit the Post.
15:47 of 2nd period - Wrist shot by Chris Thorburn.
15:47 of 2nd period - Stopped by Al Montoya with a rebound.
15:53 of 2nd period - Slapshot by Chris Thorburn.
15:53 of 2nd period - Shot Misses the Net.
15:55 of 2nd period - Wrist shot by Tyler Seguin.
15:55 of 2nd period - Stopped by Al Montoya with a rebound.
16:07 of 2nd period - Tyler Pitlick is hit by Niklas Hjalmarsson.
16:10 of 2nd period - Off-side.
16:11 of 2nd period - Zack Hamill wins face-off versus Kyle Brodziak in neutral zone.
16:14 of 2nd period - T.J. Fast is hit by Jason Zucker and loses puck.
16:33 of 2nd period - Icing by Garnet Exelby.
16:34 of 2nd period - Zack Hamill wins face-off versus Brian Flynn in Knights zone.
16:41 of 2nd period - Snap shot by Chris Thorburn.
16:41 of 2nd period - Stopped by Al Montoya with a rebound.
17:23 of 2nd period - Slapshot by Alex Chiasson.
17:23 of 2nd period - Shot Misses the Net.
17:26 of 2nd period - Icing by Tyler McNeely.
17:27 of 2nd period - Jim O'Brien wins face-off versus Zack Hamill in Saguenéens zone.
18:36 of 2nd period - Slapshot by Zack Hamill.
18:36 of 2nd period - Shot Blocked by T.J. Fast.
18:48 of 2nd period - Wrist shot by Tyler McNeely.
18:48 of 2nd period - Stopped by Jacob Markstrom without a rebound.
18:49 of 2nd period - Kyle Brodziak wins face-off versus Tyler Seguin in Knights zone.
18:58 of 2nd period - Snap shot by Chris Thorburn.
18:58 of 2nd period - Stopped by Al Montoya without a rebound.
18:59 of 2nd period - Kyle Brodziak wins face-off versus Tyler Seguin in Saguenéens zone.
19:16 of 2nd period - Snap shot by Kyle Brodziak.
19:16 of 2nd period - Goal by Kyle Brodziak - Knights : 3 - Saguenéens : 5.
19:17 of 2nd period - Kyle Brodziak wins face-off versus James Wright in neutral zone.
19:20 of 2nd period - Slapshot by Brett Lebda.
19:20 of 2nd period - Deflect By Jason Chimera.
19:20 of 2nd period - Stopped by Jacob Markstrom without a rebound.
19:21 of 2nd period - Kyle Brodziak wins face-off versus James Wright in Knights zone.
19:51 of 2nd period - Wrist shot by Tim Kennedy.
19:51 of 2nd period - Shot Blocked by James Wright.
19:53 of 2nd period - Wrist shot by Tim Kennedy.
19:53 of 2nd period - Stopped by Jacob Markstrom with a rebound.
19:55 of 2nd period - Snap shot by Tim Kennedy.
19:55 of 2nd period - Deflect By Rhett Rakhshani.
19:55 of 2nd period - Shot Misses the Net.
19:55 of 2nd period - Puck is out of play.
19:56 of 2nd period - David Laliberté wins face-off versus Magnus Paajarvi-Svensson in Knights zone.
19:57 of 2nd period - Snap shot by Eric Tangradi.
19:57 of 2nd period - Shot Misses the Net.
19:59 of 2nd period - Snap shot by David Laliberté.
19:59 of 2nd period - Shot Misses the Net.
Goals for this period are 1 for Knights vs 2 for Saguenéens.
Shots for this period are 9 for Knights vs 10 for Saguenéens.

3rd period


0:01 of 3rd period - Kyle Brodziak wins face-off versus Tyler Seguin in neutral zone.
0:42 of 3rd period - Icing by Kevin Marshall.
0:43 of 3rd period - Rhett Rakhshani wins face-off versus James Wright in Saguenéens zone.
0:47 of 3rd period - Brett Lebda is hit by Jimmy Hayes and loses puck.
0:52 of 3rd period - Slapshot by Brian Flynn.
0:52 of 3rd period - Stopped by Jacob Markstrom without a rebound.
0:53 of 3rd period - Tyler Seguin wins face-off versus Kyle Brodziak in Knights zone.
1:01 of 3rd period - Off-side.
1:02 of 3rd period - Tyler Seguin wins face-off versus Kyle Brodziak in neutral zone.
1:11 of 3rd period - Snap shot by Kyle Brodziak.
1:11 of 3rd period - Shot Misses the Net.
1:15 of 3rd period - Wrist shot by Steve Begin.
1:15 of 3rd period - Shot Misses the Net.
1:17 of 3rd period - Slapshot by Steve Begin.
1:17 of 3rd period - Stopped by Jacob Markstrom without a rebound.
1:18 of 3rd period - Mathieu Perreault wins face-off versus Alex Chiasson in Knights zone.
1:19 of 3rd period - Snap shot by Eric Tangradi.
1:19 of 3rd period - Stopped by Jacob Markstrom with a rebound.
3:09 of 3rd period - Wrist shot by Brian Flynn.
3:09 of 3rd period - Stopped by Jacob Markstrom with a rebound.
3:11 of 3rd period - Slapshot by T.J. Fast.
3:11 of 3rd period - Shot Misses the Net.
3:13 of 3rd period - Wrist shot by Tim Kennedy.
3:13 of 3rd period - Stopped by Jacob Markstrom without a rebound.
3:14 of 3rd period - Zack Hamill wins face-off versus Tyler Pitlick in Knights zone.
3:40 of 3rd period - Jason Chimera is hit by Mathieu Perreault and loses puck.
4:32 of 3rd period - Off-side.
4:33 of 3rd period - Kyle Brodziak wins face-off versus Jason Zucker in neutral zone.
5:05 of 3rd period - Wrist shot by David Laliberté.
5:05 of 3rd period - Shot Misses the Net.
6:14 of 3rd period - Wrist shot by Joe Colborne.
6:14 of 3rd period - Shot Misses the Net.
6:16 of 3rd period - Slapshot by Kevin Hayes.
6:16 of 3rd period - Shot Blocked by Kris Russell.
6:18 of 3rd period - Wrist shot by Joe Colborne.
6:18 of 3rd period - Stopped by Al Montoya without a rebound.
6:19 of 3rd period - Kyle Brodziak wins face-off versus Jason Zucker in Saguenéens zone.
6:25 of 3rd period - Minor Penalty to Steve Begin for Hooking.
6:26 of 3rd period - Kyle Brodziak wins face-off versus Zack Hamill in Saguenéens zone.
6:34 of 3rd period - Snap shot by Niklas Hjalmarsson.
6:34 of 3rd period - Stopped by Al Montoya with a rebound.
6:40 of 3rd period - Wrist shot by Alex Chiasson.
6:40 of 3rd period - Stopped by Al Montoya with a rebound.
6:42 of 3rd period - Snap shot by Alex Chiasson.
6:42 of 3rd period - Deflect By Jimmy Hayes.
6:42 of 3rd period - Goal by Jimmy Hayes - Knights : 4 - Saguenéens : 5.
6:43 of 3rd period - Zack Hamill wins face-off versus Kyle Brodziak in neutral zone.
7:24 of 3rd period - Double Minor Penalty to Jimmy Hayes for High sticking.
7:25 of 3rd period - James Wright wins face-off versus Kyle Brodziak in Knights zone.
7:25 of 3rd period - James Wright is hit by Kyle Brodziak.
7:35 of 3rd period - Tomas Kundratek is hit by T.J. Fast and loses puck.
9:35 of 3rd period - Kris Russell is hit by Magnus Paajarvi-Svensson and loses puck.
10:10 of 3rd period - Nikita Nikitin is hit by Eric Tangradi and loses puck.
11:24 of 3rd period - Penalty to Jimmy Hayes is over, Jimmy Hayes is back on ice.
11:35 of 3rd period - Tyler McNeely is hit by Zbynek Michalek and loses puck.
12:18 of 3rd period - Alex Chiasson is hit by Eric Tangradi and loses puck.
12:50 of 3rd period - Icing by Brandon Burlon.
12:51 of 3rd period - Brian Flynn wins face-off versus Tyler Seguin in Saguenéens zone.
13:05 of 3rd period - Minor Penalty to David Laliberté for Holding.
13:06 of 3rd period - Kyle Brodziak wins face-off versus Zack Hamill in Saguenéens zone.
13:36 of 3rd period - Wrist shot by Jason Chimera.
13:36 of 3rd period - Shot Misses the Net.
13:40 of 3rd period - Slapshot by Jason Chimera.
13:40 of 3rd period - Stopped by Al Montoya without a rebound.
13:41 of 3rd period - Kyle Brodziak wins face-off versus Tyler Seguin in Saguenéens zone.
13:48 of 3rd period - Snap shot by Chris Thorburn.
13:48 of 3rd period - Shot Blocked by Kyle Brodziak.
13:50 of 3rd period - Wrist shot by Chris Thorburn.
13:50 of 3rd period - Shot Blocked by Eric Tangradi.
13:52 of 3rd period - Snap shot by Jason Chimera.
13:52 of 3rd period - Shot Misses the Net.
13:54 of 3rd period - Slapshot by Tomas Kundratek.
13:54 of 3rd period - Deflect By Eric Tangradi.
13:54 of 3rd period - Stopped by Al Montoya without a rebound.
13:55 of 3rd period - Kyle Brodziak wins face-off versus Zack Hamill in Saguenéens zone.
14:10 of 3rd period - Slapshot by Jimmy Hayes.
14:10 of 3rd period - Shot Blocked by Eric Tangradi.
14:27 of 3rd period - Wrist shot by Steve Begin.
14:27 of 3rd period - Shot Misses the Net.
14:37 of 3rd period - Kris Russell is hit by Zack Hamill and loses puck.
15:05 of 3rd period - Penalty to David Laliberté is over, David Laliberté is back on ice.
16:59 of 3rd period - Slapshot by Zack Hamill.
16:59 of 3rd period - Deflect By Alex Chiasson.
16:59 of 3rd period - Shot Misses the Net.
16:59 of 3rd period - Puck is out of play.
17:00 of 3rd period - Kyle Brodziak wins face-off versus Zack Hamill in Saguenéens zone.
17:13 of 3rd period - Brandon Burlon is hit by Niklas Hjalmarsson and loses puck.
17:34 of 3rd period - Snap shot by Magnus Paajarvi-Svensson.
17:34 of 3rd period - Shot Blocked by David Rundblad.
17:36 of 3rd period - Wrist shot by Chris Thorburn.
17:36 of 3rd period - Goal by Chris Thorburn - Knights : 5 - Saguenéens : 5.
17:37 of 3rd period - Brian Flynn wins face-off versus Tyler Seguin in neutral zone.
17:50 of 3rd period - Snap shot by Rhett Rakhshani.
17:50 of 3rd period - Shot Misses the Net.
18:08 of 3rd period - Snap shot by James Wright.
18:08 of 3rd period - Shot Blocked by Rhett Rakhshani.
18:10 of 3rd period - Slapshot by Nikita Nikitin.
18:10 of 3rd period - Shot Misses the Net.
18:12 of 3rd period - Snap shot by Jason Chimera.
18:12 of 3rd period - Goal by Jason Chimera - Knights : 6 - Saguenéens : 5.
18:13 of 3rd period - Kyle Brodziak wins face-off versus Tyler Seguin in neutral zone.
18:38 of 3rd period - Kevin Marshall is hit by Garnet Exelby and loses puck.
18:57 of 3rd period - Steve Begin is hit by James Wright and loses puck.
19:06 of 3rd period - James Wright is hit by David Laliberté and loses puck.
19:09 of 3rd period - Saguenéens, Al Montoya is pulled from the net.
19:15 of 3rd period - Kris Russell is hit by Niklas Hjalmarsson and loses puck.
19:24 of 3rd period - Niklas Hjalmarsson is hit by Steve Begin and loses puck.
19:29 of 3rd period - Slapshot by Kyle Brodziak.
19:29 of 3rd period - Shot Blocked by Niklas Hjalmarsson.
19:31 of 3rd period - Slapshot by Kyle Brodziak.
19:31 of 3rd period - Stopped by Jacob Markstrom with a rebound.
19:49 of 3rd period - Snap shot by Michael Raffl.
19:49 of 3rd period - Shot Blocked by T.J. Fast.
19:55 of 3rd period - Michael Raffl is hit by Steve Begin and loses puck.
Goals for this period are 3 for Knights vs 0 for Saguenéens.
Shots for this period are 8 for Knights vs 6 for Saguenéens.


Output by the SimonT Hockey Simulator (STHS) for François Prévost -- Original Page W3C XHTML 1.0 Valid
Hockey Simulator - Hockey Simulation - Hockey Manager